Jonadab, neutral male human Tourist ----- --------- |...| #......|.| |...| #|....)..-# |...| ---------- #|.......|# -...| |........| #|.......|# |...| |........| #|.......|# |.^.| |........| #---------# --.-- |....[...| #### # # ##-........| # # # # ---------- # # ## ### # #### -.--- # # #-------------- |...| ### -----------# #|............|#) |...| # |..........# #|.d.h.........## |.%.-## |.........| #|..@....))...|# |..<| |.........| #-.)..........| ----- ----------- -------------- Jonadab the Sightseer Experience level: 3 Strength: 10 Dexterity: 13 Constitution: 18 Intelligence: 10 Wisdom: 7 Charisma: 17 Health: 0(27) Energy: 9(9) Def: 11 Gold: 939 Moves: 2463 Dungeon seed: WR0m4gvWcyF-JhDo Game ID: Jonadab_1480199457 Your Inventory: Coins $ - 939 gold pieces Weapons a - an uncursed +0 scimitar d - 14 uncursed +0 darts r - 6 uncursed +0 shuriken G - an uncursed +0 elven dagger (weapon in hand) H - an uncursed +0 orcish dagger Armor e - an uncursed +0 Hawaiian shirt n - a blessed +2 chain mail (being worn) y - an uncursed +2 orcish helm (being worn) F - an uncursed +0 pair of elven boots (being worn) Comestibles b - an uncursed egg f - 6 uncursed food rations h - an uncursed packet of prunes o - 2 uncursed candy bars q - 3 uncursed fortune cookies J - an uncursed eucalyptus leaf K - an uncursed tripe ration Scrolls j - 4 uncursed scrolls of magic mapping m - a blessed scroll of magic mapping p - an uncursed scroll of light v - an uncursed scroll of enchant weapon Potions t - an uncursed potion of blindness u - an uncursed potion of sleeping w - an uncursed potion of healing Wands x - an uncursed wand of locking (0:4) Tools k - an uncursed skeleton key l - an uncursed expensive camera (0:51) z - an uncursed towel E - an uncursed credit card Spells and supernatural/magical abilities: Name Level Category Fail Memory W - pray for help -- divine ? -- Your skills at the end: Fighting Skills wands [Basic] Weapon Skills dart [Basic] Spellcasting Skills Final Attributes: You were stridently aligned. You were stealthy. You are dead. Vanquished creatures: a gray ooze 2 homunculi a giant bat a werejackal 2 iguanas 2 gas spores 3 hobbits 2 hobgoblins a cave spider 4 geckos 6 jackals 3 foxes a kobold 2 goblins 5 sewer rats a kobold zombie 5 newts 42 creatures vanquished. Voluntary challenges: You were an atheist. You used a wielded weapon 1 time, starting on turn 1655. You read items or engraved 2 times, starting on turn 729. You never genocided any monsters. You never polymorphed an object. You never changed form. You used no wishes. You never split a pudding. You wrote Elbereth's name 2 times, starting on turn 729. You never violated your personal moral code. Dungeon overview: The Dungeons of Doom: levels 1 to 7 Level 1 some fountains, a sink a long staircase Level 2 a fountain stairs to The Gnomish Mines Level 3 some fountains Level 4 a general store, a fountain Level 5 Level 6 <- You were here Level 7 The Gnomish Mines: Level 3 stairs to The Dungeons of Doom History has recorded: On T:1 you entered the Dungeons of Doom to retrieve the Amulet of Yendor! On T:228 you reached level 2 of The Dungeons of Doom. On T:373 you reached level 3 of The Dungeons of Doom. On T:433 you reached level 1 of The Gnomish Mines. On T:748 you reached level 4 of The Dungeons of Doom. On T:943 you reached level 5 of The Dungeons of Doom. On T:1382 you advanced to experience level 2. On T:1944 you reached level 6 of The Dungeons of Doom. On T:2099 you advanced to experience level 3. On T:2320 you reached level 7 of The Dungeons of Doom. Score breakdown: Gold: 539 ( 9294 points) Experience: 3 levels ( 7878 points) Exploration: 7 levels ( 13.46%) (10289 points) Discoveries: 1 item ( 0.33%) ( 1729 points) Valuables value: (no points given unless you survive) Artifact value: 0 ( 0 points) Variety of kills: 17 monsters ( 4.44%) ( 6320 points) Turncount: 2463 turns ( -308 points) Survival: died (score multiplied by 80%) Total score: 28161 Latest messages: The dart misses the dwarf. The dwarf throws a dart! You are almost hit by a dart. The dart misses the dwarf. The dart hits the dwarf. The dwarf throws a dart! You are almost hit by a dart. The dart misses the dwarf. You have no ammunition readied! u - a potion called brown.100zm (in quiver). You fill your quiver: u - a potion called brown.100zm (in quiver). You now have no ammunition readied. You are now wielding your runed dagger. The dwarf thrusts his broad short sword at you. The dwarf hits! You miss the dwarf. (2x) The dwarf thrusts his broad short sword at you. The dwarf hits! You die... Final status: Aloha Jonadab the Tourist, killed by a dwarf... You died in The Dungeons of Doom on dungeon level 6 with 28161 points, and 939 pieces of gold, after 2463 moves. You were level 3 with a maximum of 27 hit points when you died.